 Dungeon Crawl Stone Soup version 0.26-a0-244-g083ca260ac (webtiles) character file.

Game seed: 11875252448509248957

237 BritishOli the Slasher (level 5, 0/41 HPs)
             Began as a Demonspawn Gladiator on July 8, 2020.
             Splashed by a jelly's acid (7 damage)
             ... on level 4 of the Dungeon.
             The game lasted 00:02:33 (4274 turns).

BritishOli the Slasher (Demonspawn Gladiator)       Turns: 4274, Time: 00:02:33

Health: 0/41       AC:  0    Str: 15    XL:     5   Next: 77%
Magic:  0/5        EV: 13    Int:  9    God:
Gold:   279        SH:  0    Dex: 15    Spells: 4/4 levels left

rFire    . . .     SeeInvis .   a - +0 long sword
rCold    + . .     Faith    .   (no shield)
rNeg     . . .     Spirit   +   b - +0 leather armour
rPois    .         Reflect  .   c - +0 helmet
rElec    .         Harm     .   (no cloak)
rCorr    .                      (no gloves)
MR       .....                  (no boots)
Stlth    +.........             (no amulet)
HPRegen  0.13/turn              (no ring)
MPRegen  0.09/turn              (no ring)

@: corroded
A: cold resistance 1, magic shield
a: no special abilities


You were on level 4 of the Dungeon.
You were not hungry.

You visited 1 branch of the dungeon, and saw 4 of its levels.

You collected 279 gold pieces.

Inventory:

Hand Weapons
 a - a +0 long sword (weapon)
Missiles
 d - 3 throwing nets (quivered)
Armour
 b - a +0 leather armour (worn)
 c - a +0 helmet (worn)
Jewellery
 k - an uncursed ring of fire {unknown}
 t - an uncursed ring of magical power {unknown}
Wands
 u - a wand of enslavement (4)
Scrolls
 e - 3 scrolls of immolation {unknown}
 g - a scroll of random uselessness {unknown}
 h - 2 scrolls of enchant weapon {unknown}
 j - a scroll of fear {unknown}
 m - a scroll of magic mapping {unknown}
 n - 6 scrolls of identify {unknown}
 p - 3 scrolls of fog {unknown}
 r - a scroll of remove curse {unknown}
Potions
 i - a potion of stabbing {unknown}
 l - 3 potions of lignification {unknown}
 o - a potion of experience {unknown}
 q - 3 potions of haste {unknown}
 s - 3 potions of heal wounds {unknown}
 v - a potion of curing {unknown}
Comestibles
 f - 2 rations


   Skills:
 + Level 3.3 Fighting
 + Level 3.7 Long Blades
 - Level 2.1 Throwing
 + Level 2.3 Armour
 + Level 3.6 Dodging


You had 4 spell levels left.
You didn't know any spells.
Your spell library was empty.

Dungeon Overview and Level Annotations

Branches:
Dungeon (4/15)
 Temple: D:4-7

Altars:
Ashenzari
Ru
Trog


Innate Abilities, Weirdness & Mutations

Your flesh is cold resistant. (rC+)
When hurt, damage is shared between your health and your magic reserves.


Message History

Unknown command.
You slash the ooze!
The ooze is almost dead.
The jelly barely misses you.
You riposte.
You hit the jelly but do no damage. The ooze misses you.
The ooze hits you but does no damage.
Unknown command.
You hit the ooze.
You kill the ooze!
The jelly barely misses you. The ooze barely misses you.
You riposte.
You hit the ooze but do no damage.
Unknown command.
You slash the jelly!
Your hands burn!
The jelly is severely wounded.
The jelly barely misses you. The jelly hits you. The acid corrodes you!
You are splashed with acid!
* * * LOW HITPOINT WARNING * * *
The ooze misses you. The jelly hits you.
* * * LOW HITPOINT WARNING * * *
You are splashed with acid!
You die...

#.......##
#.......#
#....
#########
#.......#
##...
#.......#
#..(
#...|...#
##..
#....####
#..
#....'..##
##.
########.#
##.
##....†.##
#####..
#@#######
##..#...
#JJJ......
#......#
#.J÷..P.÷.
#.....##
#.P.P.P.P.
#....###
#...P.P.÷.
##..###.
#.P.P.....
#..###..
#.......P?
#.####..
##########
#.......
#.......


You could see 2 jellies and 2 oozes.

Vanquished Creatures
  A hound (D:4)
  Jessica (D:3)
  An iguana (D:4)
  3 gnolls (D:4)
  3 adders
  6 oozes
  4 worms
  A dart slug (D:1)
  A ball python (D:4)
  2 bats (D:2)
  2 giant cockroaches
  4 goblins
  9 hobgoblins
  8 jackals
  10 kobolds
  A quokka (D:3)
  3 frilled lizards
  7 rats
67 creatures vanquished.

Vanquished Creatures (others)
  A fungus (D:4)
  7 toadstools (D:4)
8 creatures vanquished.

Grand Total: 75 creatures vanquished

Notes
Turn   | Place    | Note
-------+----------+-------------------------------------------
     0 | D:1      | BritishOli the Demonspawn Gladiator began the quest for the
                  | Orb.
     0 | D:1      | Reached XP level 1. HP: 16/16 MP: 1/1
   180 | D:1      | Gained mutation: Your flesh is cold resistant. (rC+)
                  | [demonic ancestry]
   180 | D:1      | Reached XP level 2. HP: 18/22 MP: 2/2
   909 | D:1      | Reached XP level 3. HP: 26/28 MP: 3/3
  1106 | D:2      | Reached skill level 1 in Armour
  1148 | D:2      | Found a sacrificial altar of Ru.
  2049 | D:2      | Found a bloodstained altar of Trog.
  2210 | D:3      | Noticed Jessica
  2221 | D:3      | Killed Jessica
  2221 | D:3      | Reached XP level 4. HP: 28/34 MP: 4/4
  2992 | D:4      | Gained mutation: When hurt, damage is shared between your
                  | health and your magic reserves. [demonic ancestry]
  2992 | D:4      | Reached XP level 5. HP: 22/41 MP: 5/5
  3303 | D:4      | Found a shattered altar of Ashenzari.
  4274 | D:4      | Splashed by a jelly's acid

Illustrated notes

Levels and vault maps discovered:
D:1:      ebering_hopf_link, layout_basic
D:2:      layout_basic, lightli_temple_of_fire, nicolae_overflow_hidden_temple,
          first_ration, bh_chokoban, nicolae_ru_great_annihilating_truth
D:3:      layout_loops_cross, uniq_jessica
D:4:      cheibrodos_fertilizer, layout_cave_pods, okawaru_altar_gauntlet_db,
          ashenzari_altar_1

Skill      XL: |  1  2  3  4  5 |
---------------+----------------+-----
Throwing       | 2 |  2.1
Long Blades    | 3 |  3.7
Dodging        | 3 |  3.6
Armour         | 1 2 |  2.3
Fighting       | 3 |  3.3

Action                   |  1- 3 |  4- 6 || total
-------------------------+-------+-------++-------
Melee: Long sword        |   138 |    92 ||   230
  Use: Potion            |       |     1 ||     1
 Stab: Sleeping          |     2 |     1 ||     3
       Paralysed         |     1 |       ||     1
  Eat: Ration            |     1 |     2 ||     3
Armor: Leather armour    |    25 |    23 ||    48
Dodge: Dodged            |   130 |   100 ||   230
       Rpst.: Long sword |    37 |    30 ||    67

Table legend:
 A = Non-vault XP
 B = Vault XP
 C = Vault XP percentage of total XP
 D = Non-vault monster count
 E = Vault monster count
 F = Vault count percentage of total count
                 A         B        C        D         E       F
            +---------+---------+-------+---------+---------+-------
      Total |     252 |      87 |  25.7 |      50 |      17 |  25.4
            +---------+---------+-------+---------+---------+-------
        D:1 |      44 |       0 |   0.0 |      21 |       0 |   0.0
        D:2 |      28 |       6 |  17.6 |      11 |       4 |  26.7
        D:3 |      39 |      37 |  48.7 |      10 |       1 |   9.1
        D:4 |     141 |      44 |  23.8 |       8 |      12 |  60.0
            +---------+---------+-------+---------+---------+-------
